 Dungeon Crawl Stone Soup version 0.29.0-13-gc9e81de378 (webtiles) character file.

Game seed: 8458539355073769443

418812 raistware the Eclecticist (level 23, -2/152 HPs)
             Began as an Octopode Conjurer on Sept 7, 2022.
             Was the Champion of Vehumet.
             Slain by a tentacled monstrosity (8 damage)
             ... while paralysed by a floating eye
             ... on level 2 of the Depths.
             The game lasted 04:31:11 (72152 turns).

raistware the Eclecticist (Octopode Conjurer)      Turns: 72152, Time: 04:31:12

Health: -2/152     AC:  6    Str: 12    XL:     23   Next: 66%
Magic:  35/46      EV: -1    Int: 40    God:    Vehumet [******]
Gold:   5129       SH:  0    Dex: 21    Spells: 3/60 levels left

rFire   + + .      SeeInvis +   y - staff of earth
rCold   + + .      Faith    .   F - +3 kite shield {rC+ rF+}
rNeg    . . .      Spirit   .   A - +1 hat {Int+3}
rPois   +          Reflect  +   H - amulet of Ledat {Reflect Str+2 Int+2 SH+5}
rElec   .          Harm     .   v - ring of protection from fire
rCorr   .          Rampage  .   d - ring of willpower
Will    ++...                   D - +4 ring of protection
Stlth   ++++......              J - ring of poison resistance
HPRegen 0.35/turn               P - +6 ring of intelligence
MPRegen 0.30/turn               O - ring "Wiexiso" {rC+ EV+4 Str+4}
                                Q - ring of flight
                                V - +6 ring of dexterity

@: paralysed, flying, constricted, studying 4 skills
A: almost no armour, amphibious, 8 rings, camouflage 1, gelatinous body 1,
(nimble swimmer 1), tentacles, see invisible, clever 1
}: 2/15 runes: barnacled, gossamer
a: Renounce Religion


You were on level 2 of the Depths.
You worshipped Vehumet.
Vehumet was exalted by your worship.
You visited 9 branches of the dungeon, and saw 40 of its levels.
You visited the Abyss 1 time.
You also visited: Ice Cave.

You collected 7549 gold pieces.
You spent 2420 gold pieces at shops.

Inventory:

Missiles
 c - 3 throwing nets
 C - 12 silver boomerangs
 L - 11 curare-tipped darts
Armour
 A - a +1 hat of intelligence (worn)
 F - a +3 kite shield of resistance (worn)
Magical Staves
 q - a staff of air
 t - a staff of cold
 y - a staff of earth (weapon)
Jewellery
 d - a ring of willpower (right tentacle)
 e - a ring of protection from fire
 u - a ring of see invisible
 v - a ring of protection from fire (left tentacle)
 x - the ring "Ipsoozoaff" {rElec Str-5 Int+6 Stlth+}
   (You took it off a deep elf elementalist on level 3 of the Elven Halls)

   [ring of intelligence]

   Str:       It affects your strength (-5).
   Int:       It affects your intelligence (+6).
   rElec:     It insulates you from electricity.
   Stlth:     It makes you more stealthy.
 B - a ring of fire
 D - a +4 ring of protection (on tentacle)
 E - an amulet of the acrobat
 H - the amulet of Ledat (around mantle) {Reflect Str+2 Int+2 SH+5}
   (You bought it in a shop on level 3 of the Elven Halls)

   [amulet of reflection]

   It reflects blocked missile attacks.
   Str:       It affects your strength (+2).
   Int:       It affects your intelligence (+2).
   SH:        It affects your SH (+5).
 J - a ring of poison resistance (on tentacle)
 O - the ring "Wiexiso" (on tentacle) {rC+ EV+4 Str+4}
   (You acquired it on level 3 of the Vaults)

   [ring of evasion]

   EV:        It affects your evasion (+4).
   Str:       It affects your strength (+4).
   rC:        It protects you from cold.
 P - a +6 ring of intelligence (on tentacle)
 Q - a ring of flight (on tentacle)
 V - a +6 ring of dexterity (on tentacle)
 Z - a ring of ice
Wands
 h - a wand of acid (6)
 K - a wand of mindburst (26)
 M - a wand of iceblast (33)
 N - a wand of paralysis (27)
 S - a wand of flame (29)
 W - a wand of polymorph (7)
Scrolls
 f - 7 scrolls of poison
 g - 8 scrolls of fog
 i - 2 scrolls of summoning
 l - 6 scrolls of teleportation
 m - 11 scrolls of amnesia
 r - 2 scrolls of fear
 G - 6 scrolls of immolation
 I - 3 scrolls of blinking
 T - 6 scrolls of magic mapping
Potions
 a - 5 potions of lignification
 b - 7 potions of haste
 j - 11 potions of resistance
 k - 9 potions of brilliance
 n - a potion of invisibility
 o - 22 potions of curing
 p - 10 potions of ambrosia
 s - 10 potions of attraction
 w - 3 potions of might
 z - a potion of berserk rage
 U - 5 potions of mutation
 X - 4 potions of magic
 Y - 4 potions of cancellation
Miscellaneous
 R - a lightning rod (4/4)


   Skills:
 - Level 11.0 Fighting
 - Level 4.0 Staves
 - Level 13.0 Dodging
 - Level 5.0 Stealth
 + Level 11.7 Shields
 - Level 19.0 Spellcasting
 + Level 17.8 Conjurations
 - Level 2.0 Translocations
 - Level 2.0 Transmutations
 + Level 12.3 Fire Magic
 + Level 14.9 Ice Magic
 + Level 16.9 Earth Magic
 - Level 10.0 Evocations


You had 3 spell levels left.
You knew the following spells:

 Your Spells              Type           Power      Damage    Failure   Level
a - Magic Dart            Conj           100%       1d8       0%          1
b - Iskenderun's Mystic   Conj/Tloc      87%        2d17      1%          4
c - Fulminant Prism       Conj/Hex       41%        3d20      1%          4
d - Iron Shot             Conj/Erth      66%        9d12      1%          6
e - Freezing Cloud        Conj/Ice/Air   45%        6-21      1%          5
f - Yara's Violent Unrav  Hex/Tmut       23%        3d10      7%          5
g - Fire Storm            Conj/Fire      51%        8d13      56%         9
h - Ignition              Fire           47%        3d13      16%         8
i - Shatter               Erth           65%        3d48*     32%         9
j - Irradiate             Conj/Tmut      43%        3d26      1%          5
z - Apportation           Tloc           100%       N/A       1%          1

Your spell library contained the following spells:

 Spells                   Type           Power      Damage    Failure   Level
 Chain Lightning          Conj/Air       41%        3d55      100%        9
 Foxfire                  Conj/Fire      100%       2x1d9     0%          1
 Freeze                   Ice            100%       1d11      0%          1
 Sandblast                Erth           100%       2d20      0%          1
 Scorch                   Fire           100%       2d10      0%          2
 Searing Ray              Conj           100%       2d8       0%          2
 Conjure Flame            Conj/Fire      100%       6-21      0%          3
 Frozen Ramparts          Ice            100%       1d16      0%          3
 Stone Arrow              Conj/Erth      100%       3d13      0%          3
 Necrotise                Necr           100%       1d9       1%          1
 Summon Small Mammal      Summ           100%       N/A       1%          1
 Passwall                 Tmut/Erth      89%        N/A       1%          2
 Static Discharge         Conj/Air       83%        3-14/arc  1%          2
 Wereblood                Tmut           52%        N/A       1%          2
 Dazzling Flash           Conj/Hex       100%       N/A       1%          3
 Gell's Gravitas          Tloc           52%        N/A       1%          3
 Ignite Poison            Fire/Tmut/Pois 66%        N/A       1%          3
 Inner Flame              Hex/Fire       72%        N/A       1%          3
 Lesser Beckoning         Tloc           52%        N/A       1%          3
 Teleport Other           Tloc           52%        N/A       1%          3
 Call Imp                 Summ           38%        N/A       2%          2
 Sublimation of Blood     Necr           38%        N/A       2%          2
 Portal Projectile        Hex/Tloc       92%        N/A       2%          3
 Call Canine Familiar     Summ           38%        N/A       4%          3
 Summon Guardian Golem    Hex/Summ       38%        N/A       4%          3
 Vampiric Draining        Necr           38%        2d8       4%          3
 Hailstorm                Conj/Ice       100%       3d20      0%          4
 Flame Wave               Conj/Fire      100%       2d21      1%          4
 Ice Form                 Ice/Tmut       82%        N/A       1%          4
 Leda's Liquefaction      Hex/Erth       51%        N/A       1%          4
 Petrify                  Tmut/Erth      100%       N/A       1%          4
 Summon Ice Beast         Ice/Summ       78%        N/A       1%          4
 Fireball                 Conj/Fire      51%        3d20      1%          5
 Lee's Rapid Deconstruct  Erth           65%        3d31*     1%          5
 Lightning Bolt           Conj/Air       41%        1d60      1%          5
 Metabolic Englaciation   Hex/Ice        39%        N/A       1%          5
 Conjure Ball Lightning   Conj/Air       41%        3x3d13    1%          6
 Starburst                Conj/Fire      51%        6d14      1%          6
 Orb of Destruction       Conj           55%        9d14      1%          7
 Ozocubu's Refrigeration  Ice            51%        4d18      1%          7
 Lehudib's Crystal Spear  Conj/Erth      66%        10d15     2%          8
 Statue Form              Tmut/Erth      71%        N/A       4%          6
 Spellforged Servitor     Conj/Summ      41%        N/A       9%          7
 Simulacrum               Ice/Necr       39%        N/A       11%         6
 Anguish                  Hex/Necr       19%        N/A       14%         4
 Animate Dead             Necr           38%        N/A       14%         4
 Cause Fear               Hex            19%        N/A       14%         4
 Corpse Rot               Necr/Pois/Air  38%        N/A       14%         4
 Dispel Undead            Necr           38%        3d16      14%         4
 Blade Hands              Tmut           26%        N/A       17%         5
 Summon Forest            Summ/Tloc      23%        N/A       26%         5
 Agony                    Necr           38%        N/A       36%         5
 Summon Mana Viper        Hex/Summ       38%        N/A       36%         5
 Polar Vortex             Ice            51%        N/A       58%         9
 Dispersal                Tloc           26%        N/A       67%         6
 Death Channel            Necr           19%        N/A       91%         6
 Summon Cactus Giant      Summ           19%        N/A       91%         6
 Enfeeble                 Hex            19%        N/A       100%        7
 Haunt                    Necr/Summ      19%        N/A       100%        7
 Malign Gateway           Summ/Tloc      23%        N/A       100%        7
 Monstrous Menagerie      Summ           19%        N/A       100%        7
 Summon Hydra             Summ           19%        N/A       100%        7
 Borgnjor's Revivificati  Necr           19%        N/A       100%        8
 Disjunction              Tloc           26%        N/A       100%        8
 Infestation              Necr           19%        N/A       100%        8
 Maxwell's Capacitive Co  Air            19%        ∞         100%        8
 Necromutation            Tmut/Necr      23%        N/A       100%        8
 Death's Door             Necr           19%        N/A       100%        9
 Animate Armour           Summ/Erth      Unusable   N/A       N/A         4

Dungeon Overview and Level Annotations

Branches:
Dungeon (15/15)            Temple (1/1) D:7            Lair (5/5) D:11
 Shoals (4/4) Lair:2       Spider (4/4) Lair:3        Slime (0/5) Lair:5
    Orc (2/2) D:11            Elf (3/3) Orc:2        Vaults (4/5) D:13
  Crypt (0/3) Vaults:3     Depths (2/4) D:15          IceCv (visited)

Altars:
Cheibriados
Dithmenos
Fedhas
Gozag
Hepliaklqana
Kikubaaqudgha
Okawaru
Sif Muna
Trog
Uskayaw
Vehumet
Wu Jian
Zin
The Shining One
Jiyva

Shops:
D:2 =   D:7 *   D:13 (   Orc:1 *=   Orc:2 =(*[   Elf:1 [   Elf:3 =   Shoals:2 :
Shoals:3 =

Portals:
Hell: Depths:1 Depths:2
Pandemonium: Depths:2
Ziggurat: Depths:1

Annotations:
Lair:3 Xiemaice's ghost, journeyman DrFE
Spider:2 2 transporters
Vaults:3 2 transporters, 1 exclusion, Angmar's ghost, veteran DrAE


Innate Abilities, Weirdness & Mutations

You cannot wear most types of armour.
You are amphibious.
You can wear up to eight rings at the same time.
Your skin changes colour to match your surroundings (Stealth+).
Your rubbery body absorbs attacks. (AC +1, EV +1)
((You are camouflaged when in or above water. (Stealth+)))
You have tentacles for arms and can constrict up to eight enemies at once.
You have supernaturally acute eyesight. (SInv)
Your mind is acute. (Int +4, Str/Dex -1)


Message History

Confirm with . or Enter, or press ? or * to list all spells.
Aiming: Iron Shot (safe; 1% risk of failure)
Press: ? - help, Shift-Dir - straight line, f - tentacled monstrosity
Aim: a tentacled monstrosity (wandering, hasn't noticed you, 93% to hit)
You feel a surge of power!
The iron shot hits the tentacled monstrosity!!!
The tentacled monstrosity is heavily wounded.
The floating eye turns its gaze towards you.
The tentacled monstrosity tentacle-slaps you!
You block the tentacled monstrosity's attack.
The tentacled monstrosity tentacle-slaps you!
You block the tentacled monstrosity's attack.
The floating eye seems to glare at you.
Casting: Iron Shot (safe; 1% risk of failure)
Confirm with . or Enter, or press ? or * to list all spells.
Aiming: Iron Shot (safe; 1% risk of failure)
Press: ? - help, Shift-Dir - straight line, f - floating eye, p - tentacled monstrosity
Aim: a floating eye (fully charged, 100% to hit)
You feel a surge of power!
The iron shot hits the tentacled monstrosity!!!
The tentacled monstrosity is almost dead.
You block the tentacled monstrosity's attack.
The tentacled monstrosity tentacle-slaps you but does no damage.
The tentacled monstrosity tentacle-slaps you!
The tentacled monstrosity grabs you.
The tentacled monstrosity constricts you!
The floating eye gazes piercingly through you!
You suddenly lose the ability to move!
The tentacled monstrosity tentacle-slaps you! x2
* * * LOW HITPOINT WARNING * * *
The tentacled monstrosity tentacle-slaps you.
* * * LOW HITPOINT WARNING * * *
The tentacled monstrosity constricts you!
* * * LOW HITPOINT WARNING * * *
The tentacled monstrosity tentacle-slaps you!
* * * LOW HITPOINT WARNING * * *
The tentacled monstrosity tentacle-slaps you!
* * * LOW HITPOINT WARNING * * *
The tentacled monstrosity tentacle-slaps you!
You die...

...###)###..###.#
.###..)..###....#
.##.#####.####..#
##.#.....#[####.#
#.#..###..#)#..##
# ...#.#.#[..##
#.#.#.#..#...## #
..#.#.###...# ##
..#.# ##@.# .#.##
#X### #.# #G i#
#. ## #. #. '. .⌠


You could see a tentacled monstrosity and a floating eye.

Vanquished Creatures
  Sojobo (Vaults:2)
  Frederick (Vaults:2)
  Saint Roka (Vaults:2)
  2 golden dragons (Depths:2)
  A caustic shrike (Depths:2)
  2 tentacled monstrosities (Depths:2)
  5 liches
  Rupert (D:14)
  2 deep elf master archers (Elf:3)
  A walking earthen tome (Depths:2)
  A walking frostbound tome (Depths:2)
  Asterion (Depths:1)
  2 deep elf blademasters (Elf:3)
  2 krakens (Shoals:3)
  A walking divine tome (Depths:2)
  A tentacled starspawn (Abyss:3)
  Agnes (D:14)
  6 sphinxes
  9 tengu reavers
  Roxanne (Elf:1)
  Kirke (Shoals:4)
  Frances (Spider:1)
  A revenant (Vaults:3)
  Donald (Spider:1)
  A shadow dragon (Depths:2)
  Ilsuiw (Shoals:3)
  5 deep elf sorcerers
  5 emperor scorpions
  An iron dragon (Depths:2)
  9 frost giants
  6 vault wardens
  2 fire giants (Depths:2)
  An orc warlord (Orc:1)
  4 ghost moths
  Aizul (Shoals:1)
  6 deep elf elementalists (Elf:3)
  18 ironbound preservers
  A ghoul (Vaults:3)
  3 war gargoyles
  2 broodmothers
  7 ironbound thunderhulks
  12 stone giants
  3 vampire knights (Depths:2)
  3 spriggan defenders (Depths:2)
  5 very ugly things
  5 deep elf demonologists (Elf:3)
  A starflower (Abyss:3)
  3 entropy weavers
  16 dire elephants
  5 spark wasps
  10 deep elf annihilators (Elf:3)
  Snorg (D:14)
  5 crystal guardians
  The ghost of Rayvis the Cleaver, a journeyman DsGl (D:10)
  10 deep elf death magi
  6 merfolk javelineers
  9 ettins
  6 merfolk impalers
  6 fire dragons
  A great orb of eyes (shapeshifter) (Depths:2)
  13 yaktaur captains
  4 rakshasas
  3 great orbs of eyes
  13 boulder beetles
  4 deep elf high priests
  12 ironbound frosthearts
  5 vault guards
  2 ogre magi
  3 ice dragons
  2 hydras
  6 peacekeepers
  7 spriggan air magi (Depths:2)
  An alligator snapping turtle (Shoals:4)
  13 centaur warriors
  2 catoblepae
  A merfolk avatar (Shoals:2)
  Erica (D:8)
  4 satyrs
  4 jorogumos
  A death knight (Vaults:3)
  6 radroaches
  2 merfolk aquamancers (Shoals:4)
  8 death yaks
  27 dancing weapons
  5 deep troll shamans
  12 two-headed ogres
  4 deep troll earth magi
  A death scarab (Spider:4)
  2 vampire magi (Depths:2)
  5 tengu warriors
  7 spriggan berserkers (Depths:2)
  A hell knight (Depths:2)
  12 deep elf knights (Elf:2)
  A wretched star (Abyss:3)
  A sun moth (Spider:2)
  3 iron trolls
  3 pharaoh ants
  8 sea snakes
  9 steelbarb worms
  2 glowing orange brains
  12 ironbound convokers
  6 orb spiders
  4 flayed ghosts (Depths:2)
  7 wizards
  10 lindwurms
  A phantasmal warrior (Vaults:3)
  58 deep trolls
  An orc knight (Orc:1)
  12 deep elf archers
  18 harpies
  The ghost of DevastatorOne the Trooper, a novice FoFE of Hepliaklqana (D:5)
  Pikel (D:8)
  29 deep elf pyromancers
  A necromancer (Vaults:3)
  28 deep elf zephyrmancers
  16 wolf spiders
  15 cyclopes
  35 ugly things
  3 orc sorcerers
  15 fauns
  3 oklob plants
  A manticore (shapeshifter) (Depths:2)
  7 manticores
  4 elephants (Lair:3)
  3 black mambas
  5 moths of wrath
  5 water nymphs
  13 merfolk sirens
  An apocalypse crab (Abyss:3)
  11 cane toads
  3 ice statues (IceCv)
  10 vault sentinels
  7 torpor snails
  8 demonic crawlers
  A yaktaur (shapeshifter) (D:14)
  An unseen horror (D:11)
  An anaconda simulacrum (IceCv)
  9 komodo dragons
  3 kobold demonologists
  A tengu conjurer (Depths:2)
  31 yaktaurs
  2 efreet (D:15)
  9 trolls
  4 wind drakes
  22 merfolk
  A queen bee (Spider:2)
  6 meliai
  6 hornets
  10 polar bears
  2 raiju (Lair:5)
  28 blink frogs
  16 dream sheep
  26 tarantellas
  21 slime creatures
  A large abomination (Abyss:3)
  4 snapping turtles
  Prince Ribbit (D:8)
  22 jumping spiders
  An air elemental (Elf:1)
  21 culicivoras
  4 wraiths
  A yak (shapeshifter) (D:13)
  A vampire (D:9)
  8 water elementals
  4 spriggans (D:10)
  5 hogs (Shoals:4)
  80 yaks
  A dire elephant simulacrum (IceCv)
  A steam dragon (D:10)
  5 wyverns
  6 basilisks
  3 fire elementals
  A human (Shoals:4)
  A death yak simulacrum (IceCv)
  45 redbacks
  A neqoxec (Abyss:3)
  9 wargs
  A harpy simulacrum (IceCv)
  8 vampire mosquitoes
  4 acid dragons
  13 hell hounds (Lair:5)
  12 water moccasins
  A floating eye (Depths:2)
  A floating eye (shapeshifter) (Depths:2)
  2 sky beasts (D:7)
  An ice beast (shapeshifter) (Depths:2)
  18 orc warriors
  14 black bears
  An ice beast (D:5)
  11 ogres
  3 lemures (D:8)
  28 wolves
  8 centaurs
  A phantom (D:5)
  3 kobold brigands
  11 bullfrogs
  2 gnoll sergeants
  4 scorpions
  2 earth elementals
  15 killer bees
  A small abomination (Abyss:3)
  An elephant simulacrum (IceCv)
  An electric eel (Lair:2)
  3 howler monkeys (D:7)
  3 quasits (D:5)
  5 jellies
  8 hounds
  A gnoll bouda (D:8)
  5 orc priests
  An iguana (D:5)
  6 orc wizards
  4 hell rats (Lair:4)
  A polar bear simulacrum (IceCv)
  2 wolf simulacra (IceCv)
  8 adders
  8 gnolls
  3 shadow imps
  2 white imps
  3 ufetubi
  2 worms (D:2)
  A dart slug (D:1)
  47 orcs
  5 bats
  10 endoplasms
  6 giant cockroaches
  5 goblins
  10 hobgoblins
  7 jackals
  13 kobolds
  A quokka (D:1)
  8 ball pythons
  7 frilled lizards
  9 rats
  4 bushes (Lair:1)
  A plant (Depths:2)
  4 tentacles (Shoals:3)
1597 creatures vanquished.

Vanquished Creatures (collateral kills)
  A deep elf demonologist (Elf:3)
1 creature vanquished.

Vanquished Creatures (others)
  An air elemental (Elf:2)
  A human (Shoals:4)
  An electric eel (Elf:1)
  44 fulminant prisms
  36 fungi
  210 plants
  5 tentacles (Shoals:3)
298 creatures vanquished.

Grand Total: 1896 creatures vanquished

Notes
Turn   | Place    | Note
-------+----------+-------------------------------------------
     0 | D:1      | raistware the Octopode Conjurer began the quest for the
                  | Orb.
     0 | D:1      | Reached XP level 1. HP: 11/11 MP: 3/3
   405 | D:1      | Reached XP level 2. HP: 17/17 MP: 3/5
   599 | D:1      | Reached skill level 3 in Spellcasting
   632 | D:1      | Found a faded altar of an unknown god.
   752 | D:1      | Reached XP level 3. HP: 21/21 MP: 0/7
  1373 | D:2      | Reached skill level 1 in Translocations
  1373 | D:2      | Reached XP level 4. HP: 22/27 MP: 3/9
  1378 | D:2      | Learned a level 4 spell: Iskenderun's Mystic Blast
  1792 | D:2      | Found Idojuol's Jewellery Emporium.
  2160 | D:3      | Reached skill level 4 in Spellcasting
  2329 | D:3      | Found a radiant altar of Vehumet.
  2339 | D:3      | Became a worshipper of Vehumet
  2425 | D:3      | Reached XP level 5. HP: 31/31 MP: 7/11
  2665 | D:3      | Reached skill level 1 in Earth Magic
  3215 | D:4      | Reached XP level 6. HP: 36/36 MP: 8/12
  3215 | D:4      | Noticed an orc warrior
  3575 | D:4      | Reached * piety under Vehumet
  3575 | D:4      | Offered knowledge of Shock by Vehumet.
  3754 | D:4      | Learned a level 4 spell: Fulminant Prism
  3963 | D:4      | Killed an orc warrior
  4076 | D:5      | Entered Level 5 of the Dungeon
  4142 | D:5      | Noticed a black bear
  4146 | D:5      | Reached skill level 5 in Conjurations
  4149 | D:5      | Reached skill level 5 in Spellcasting
  4149 | D:5      | Reached XP level 7. HP: 37/41 MP: 2/14
  4345 | D:5      | Offered knowledge of Poisonous Vapours by Vehumet.
  4492 | D:5      | Reached ** piety under Vehumet
  4493 | D:5      | Reached XP level 8. HP: 46/46 MP: 11/16
  4713 | D:5      | Reached skill level 6 in Spellcasting
  4768 | D:5      | Found a transporter.
  4783 | D:5      | Noticed DevastatorOne's ghost (novice FoFE)
  4797 | D:5      | Found a transporter.
  5206 | D:5      | Learned a level 6 spell: Iron Shot
  5727 | D:6      | Found a glowing silver altar of Zin.
  5728 | D:6      | Found an opulent altar of Gozag.
  5854 | D:6      | Reached skill level 7 in Spellcasting
  5945 | D:6      | Reached XP level 9. HP: 39/51 MP: 6/19
  6129 | D:6      | Offered knowledge of Static Discharge by Vehumet.
  6270 | D:6      | Reached skill level 5 in Earth Magic
  6842 | D:7      | Noticed a hornet
  6885 | D:7      | Reached skill level 8 in Spellcasting
  6894 | D:7      | Killed a hornet
  6894 | D:7      | Reached *** piety under Vehumet
  7269 | D:7      | Found a staircase to the Ecumenical Temple.
  7278 | Temple   | Entered the Ecumenical Temple
  7402 | D:7      | Found a bloodstained altar of Trog.
  7402 | D:7      | Found an ornate altar of the Wu Jian Council.
  7485 | D:7      | Found Isimiak's General Store.
  7761 | D:8      | Noticed Pikel
  7821 | D:8      | Found a glowing golden altar of the Shining One.
  7836 | D:8      | Found a shadowy altar of Dithmenos.
  7844 | D:8      | Noticed Erica
  7874 | D:8      | Reached skill level 1 in Fighting
  7874 | D:8      | Reached skill level 1 in Evocations
  8135 | D:8      | You fall into a shaft and drop 3 floors!
  8160 | D:11     | Noticed a manticore
  8165 | D:11     | Found a staircase to the Orcish Mines.
  8168 | D:10     | Entered Level 10 of the Dungeon
  8223 | D:10     | Reached skill level 9 in Spellcasting
  8223 | D:10     | Reached XP level 10. HP: 22/58 MP: 17/23
  8404 | D:10     | Found a snail-covered altar of Cheibriados.
  9473 | D:8      | Noticed a +0 dagger
  9474 | D:8      | Noticed a +0 spear
  9474 | D:8      | Noticed a +0 falchion
  9475 | D:8      | Noticed a +0 short sword
  9475 | D:8      | Noticed a +0 short sword
  9475 | D:8      | Noticed a +0 spear
  9475 | D:8      | Noticed a +0 falchion
  9513 | D:7      | Bought a scroll of magic mapping for 75 gold pieces
  9616 | D:8      | Noticed Prince Ribbit
  9622 | D:8      | Killed Prince Ribbit
  9626 | D:8      | Offered knowledge of Hailstorm by Vehumet.
  9812 | D:8      | Noticed a +0 dagger
  9816 | D:8      | Found a hide-covered altar of Uskayaw.
  9836 | D:8      | Reached skill level 10 in Spellcasting
  9985 | D:8      | Killed Erica
 10163 | D:8      | Killed Pikel
 10334 | D:5      | Killed DevastatorOne's ghost
 10531 | D:9      | Noticed a two-headed ogre
 10534 | D:9      | Killed a two-headed ogre
 10535 | D:9      | Reached XP level 11. HP: 67/67 MP: 10/25
 11068 | D:9      | Noticed a two-headed ogre
 11072 | D:9      | Killed a two-headed ogre
 11169 | D:9      | Noticed a two-headed ogre
 11173 | D:9      | Killed a two-headed ogre
 11538 | D:10     | Reached **** piety under Vehumet
 11540 | D:10     | Reached skill level 11 in Spellcasting
 11735 | D:10     | Found a runed translucent door.
 11736 | D:10     | Noticed Rayvis's ghost (journeyman DsGl)
 11736 | D:10     | Identified the +1 trident of Sudden Death {elec, Dex+2}
 11737 | D:10     | Noticed a spriggan rider
 11952 | D:11     | Killed a manticore
 12234 | D:11     | Found a staircase to the Lair.
 12237 | D:11     | Offered knowledge of Fireball by Vehumet.
 12332 | D:11     | Identified the +1 leather armour of the Scribe {Fly rC+
                  | rN+}
 12465 | D:11     | Reached skill level 10 in Conjurations
 12506 | D:11     | Reached XP level 12. HP: 74/74 MP: 13/27
 12711 | D:11     | Noticed a two-headed ogre
 12713 | D:11     | Killed a two-headed ogre
 12920 | D:12     | Noticed a boulder beetle
 12927 | D:12     | Killed a boulder beetle
 12928 | D:12     | Reached skill level 10 in Earth Magic
 13160 | D:12     | Reached skill level 12 in Spellcasting
 13243 | D:12     | Noticed a two-headed ogre
 13245 | D:12     | Killed a two-headed ogre
 13641 | D:12     | Reached skill level 5 in Dodging
 13809 | D:12     | Noticed a two-headed ogre
 13811 | D:12     | Killed a two-headed ogre
 14168 | Lair:1   | Entered Level 1 of the Lair of Beasts
 15728 | Lair:2   | Identified the +0 scale mail "Zuschoib" {Harm +Blink rCorr
                  | Dex-5}
 15768 | Lair:2   | Found a shimmering blue altar of Sif Muna.
 15816 | Lair:2   | Reached XP level 13. HP: 70/81 MP: 12/29
 16291 | Lair:2   | Reached ***** piety under Vehumet
 16292 | Lair:2   | Reached skill level 5 in Fighting
 16341 | Lair:2   | Found a staircase to the Shoals.
 16353 | Lair:2   | Reached skill level 1 in Staves
 16562 | Lair:2   | Offered knowledge of Sticky Flame by Vehumet.
 17289 | Lair:3   | Reached skill level 13 in Spellcasting
 17438 | Lair:3   | Found a hole to the Spider Nest.
 18652 | Lair:3   | Found a large runed translucent door.
 18652 | Lair:3   | Found a large runed translucent door.
 18660 | Lair:3   | Noticed Xiemaice's ghost (journeyman DrFE)
 18668 | Lair:3   | Identified the +1 scale mail of the Griffon {Regen+ Dex+2}
 19263 | Lair:4   | Found an iron altar of Okawaru.
 19935 | Lair:4   | Reached XP level 14. HP: 65/90 MP: 31/31
 20492 | Lair:4   | Reached skill level 14 in Spellcasting
 20857 | Lair:5   | Entered Level 5 of the Lair of Beasts
 20861 | Lair:5   | Offered knowledge of Freezing Cloud by Vehumet.
 21828 | Lair:5   | Learned a level 5 spell: Freezing Cloud
 21898 | Lair:5   | Offered knowledge of Starburst by Vehumet.
 22083 | Lair:5   | Reached skill level 1 in Ice Magic
 22749 | Lair:5   | Noticed a dire elephant
 22754 | Lair:5   | Killed a dire elephant
 23462 | Lair:5   | Reached XP level 15. HP: 45/97 MP: 15/33
 23844 | Lair:5   | Found a staircase to the Slime Pits.
 23845 | Lair:5   | Found a viscous altar of Jiyva.
 24363 | Orc:1    | Entered Level 1 of the Orcish Mines
 24389 | Orc:1    | Found Gemieku's Overcharged Wands.
 24546 | Orc:1    | Noticed an orc warlord
 24814 | Orc:2    | Entered Level 2 of the Orcish Mines
 24814 | Orc:2    | Found a frozen archway.
 24826 | IceCv    | Entered an ice cave
 25126 | IceCv    | Offered knowledge of Yara's Violent Unravelling by Vehumet.
 25207 | IceCv    | Learned a level 5 spell: Yara's Violent Unravelling
 25349 | IceCv    | Identified the amulet of Birdsong {Regen+ Str+4 Int+4}
 25502 | Orc:2    | Found Ykelots's Jewellery Boutique.
 25725 | Orc:2    | Found Zotoun's Antique Weapon Boutique.
 26006 | Orc:2    | Found Jassy's General Store.
 26132 | Orc:2    | Bought a potion of might for 72 gold pieces
 26132 | Orc:2    | Bought 2 potions of cancellation for 288 gold pieces
 26134 | Orc:2    | Found a staircase to the Elven Halls.
 26141 | Orc:2    | Found Qiuroacs's Antique Armour Boutique.
 26367 | Orc:2    | Reached skill level 10 in Dodging
 26773 | Orc:1    | Killed an orc warlord
 26909 | Orc:1    | Found Ygoenist's Jewellery Shoppe.
 26960 | Orc:1    | Reached skill level 5 in Ice Magic
 27050 | Elf:1    | Entered Level 1 of the Elven Halls
 27050 | Elf:1    | You are sucked into a shaft and drop 1 floor!
 27050 | Elf:2    | Noticed a deep elf sorcerer
 27054 | Elf:2    | Killed a deep elf sorcerer
 27055 | Elf:2    | Reached skill level 15 in Spellcasting
 27444 | Elf:1    | Found Qeharev's Antique Armour Shop.
 27694 | Elf:1    | Noticed Roxanne
 27699 | Elf:1    | Killed Roxanne
 28159 | Elf:1    | Reached skill level 1 in Transmutations
 28159 | Elf:1    | Offered knowledge of Ozocubu's Refrigeration by Vehumet.
 28214 | Elf:1    | Identified the +2 robe of Ruar {*Slow Str+5}
 28372 | Elf:1    | Reached XP level 16. HP: 105/105 MP: 22/35
 28596 | Elf:1    | Learned a level 7 spell: Ozocubu's Refrigeration
 29550 | Elf:2    | Identified a scroll of acquirement
 29551 | Elf:2    | Acquired a +1 hat of intelligence
 29933 | Elf:2    | Found a runed translucent gate.
 29933 | Elf:2    | Found a runed translucent gate.
 29933 | Elf:2    | Found a runed translucent gate.
 30521 | Elf:3    | Entered Level 3 of the Elven Halls
 30670 | Elf:3    | Noticed a deep elf blademaster
 30670 | Elf:3    | Noticed a deep elf master archer
 30677 | Elf:3    | Killed a deep elf blademaster
 30678 | Elf:3    | Killed a deep elf master archer
 31246 | Elf:3    | Identified the amulet "Faiselyh" {Faith Regen+}
 31366 | Elf:3    | Reached XP level 17. HP: 112/112 MP: 23/36
 31416 | Elf:3    | Found Ginil's Jewellery Shoppe.
 31440 | Abyss:3  | Cast into level 3 of the Abyss (a deep elf sorcerer)
 31520 | Abyss:3  | Noticed a tentacled starspawn
 31560 | Abyss:3  | Noticed a bone dragon
 31600 | Abyss:3  | Noticed a tentacled monstrosity
 31617 | Abyss:3  | Found a corrupted altar of Lugonu.
 31659 | Abyss:3  | Noticed a tentacled starspawn
 31667 | Abyss:3  | Killed a tentacled starspawn
 31679 | Abyss:3  | Found a corrupted altar of Lugonu.
 31742 | Elf:3    | Escaped the Abyss
 31745 | Elf:3    | Reached skill level 16 in Spellcasting
 31813 | Elf:3    | Bought the amulet of Ledat {Reflect Str+2 Int+2 SH+5} for
                  | 862 gold pieces
 31908 | Elf:3    | Noticed a deep elf master archer
 31911 | Elf:3    | Killed a deep elf master archer
 32380 | Elf:3    | Noticed a Brimstone Fiend
 32384 | Elf:3    | Noticed a Hell Sentinel
 32641 | Elf:3    | Identified the ring "Ipsoozoaff" {rElec Str-5 Int+6 Stlth+}
 33224 | Elf:3    | Noticed a deep elf blademaster
 33230 | Elf:3    | Killed a deep elf blademaster
 33366 | Elf:3    | Reached skill level 10 in Ice Magic
 33836 | Elf:3    | Found an ancient bone altar of Kikubaaqudgha.
 34253 | Elf:3    | Identified the +0 scale mail "Kuzuidoosch" {+Inv rCorr
                  | Int+2 Dex+2}
 34329 | Elf:3    | Got the Directory of Spelunking
 34565 | D:10     | Killed Rayvis's ghost
 34855 | Lair:3   | Reached skill level 1 in Shields
 35125 | Shoals:1 | Entered Level 1 of the Shoals
 35479 | Shoals:1 | Reached skill level 5 in Stealth
 35762 | Shoals:1 | Noticed Aizul
 35766 | Shoals:1 | Killed Aizul
 35893 | Shoals:1 | Learned a level 8 spell: Ignition
 36424 | Shoals:1 | Offered knowledge of Iskenderun's Battlesphere by Vehumet.
 36952 | Shoals:2 | Found Giv Cumi's Vocational Training.
 36961 | Shoals:2 | Bought a manual of Evocations for 880 gold pieces
 37004 | Shoals:2 | Reached skill level 1 in Fire Magic
 37291 | Shoals:2 | Acquired 871 gold pieces
 37780 | Shoals:2 | Reached XP level 18. HP: 67/119 MP: 18/38
 38242 | Shoals:3 | Noticed Ilsuiw
 38252 | Shoals:3 | Killed Ilsuiw
 38875 | Shoals:3 | Identified the +8 morningstar "Veqa" {vorpal, Dex+7}
 39028 | Shoals:3 | Gained mutation: You occasionally lose the ability to read
                  | scrolls when taking damage. [mutagenic glow]
 39036 | Shoals:3 | Found Saxkoluu's Jewellery Emporium.
 39044 | Shoals:3 | Gained mutation: You are clumsy. (Dex -2) [mutagenic glow]
 39062 | Shoals:3 | Gained mutation: You are frail. (-10% HP) [mutagenic glow]
 39583 | Shoals:4 | Entered Level 4 of the Shoals
 39901 | Shoals:4 | Reached skill level 5 in Evocations
 40196 | Shoals:4 | Reached skill level 17 in Spellcasting
 40208 | Shoals:4 | Got a barnacled rune of Zot
 40487 | Shoals:4 | Got the Compilation of Calculation
 41020 | Shoals:4 | Reached ****** piety under Vehumet
 41021 | Shoals:4 | Noticed Kirke
 41027 | Shoals:4 | Killed Kirke
 41027 | Shoals:4 | Offered knowledge of Eringya's Noxious Bog by Vehumet.
 41043 | Shoals:4 | Reached skill level 10 in Fighting
 42104 | Spider:1 | Entered Level 1 of the Spider Nest
 43000 | Spider:1 | Noticed Donald
 43030 | Spider:1 | Killed Donald
 43384 | Spider:1 | Noticed Frances
 43388 | Spider:1 | Killed Frances
 43484 | Spider:1 | Offered knowledge of Fire Storm by Vehumet.
 43484 | Spider:1 | Offered knowledge of Shatter by Vehumet.
 43484 | Spider:1 | Offered knowledge of Chain Lightning by Vehumet.
 43495 | Spider:1 | Learned a level 9 spell: Shatter
 43931 | Spider:2 | Found a transporter.
 43932 | Spider:2 | Found a transporter.
 43958 | Spider:2 | Reached XP level 19. HP: 113/113 MP: 17/40
 45532 | Spider:2 | Reached skill level 5 in Shields
 47155 | Spider:4 | Entered Level 4 of the Spider Nest
 47421 | Spider:4 | Reached skill level 5 in Fire Magic
 47427 | Spider:4 | Reached skill level 15 in Conjurations
 47553 | Spider:4 | Learned a level 1 spell: Apportation
 50051 | Spider:4 | Got a gossamer rune of Zot
 50932 | Elf:2    | Reached XP level 20. HP: 121/121 MP: 27/41
 51808 | D:13     | Found a gate to the Vaults.
 52551 | D:13     | Found Jyan's Antique Weapon Shop.
 52563 | D:13     | Bought a polished scimitar for 243 gold pieces
 52563 | D:13     | Identified the +9 scimitar of Kajomminn {vorpal, Int+3}
                  | (You bought it in a shop on level 13 of the Dungeon)
 52882 | D:13     | Found a hazy altar of Hepliaklqana.
 53158 | D:14     | Noticed Agnes
 53162 | D:14     | Killed Agnes
 53325 | D:14     | Noticed Rupert
 53329 | D:14     | Killed Rupert
 53378 | D:14     | Noticed Snorg
 53382 | D:14     | Killed Snorg
 53627 | D:14     | Identified the +1 robe "Qowuzub" {Str+2 Int+3}
 53668 | D:15     | Entered Level 15 of the Dungeon
 53733 | D:15     | Found a radiant altar of Vehumet.
 54187 | D:15     | Found a staircase to the Depths.
 54983 | Vaults:1 | Entered Level 1 of the Vaults
 55258 | Vaults:1 | Reached skill level 18 in Spellcasting
 56048 | Vaults:1 | Lost mutation: You are clumsy. (Dex -2) [potion of
                  | mutation]
 56048 | Vaults:1 | Lost mutation: You are frail. (-10% HP) [potion of
                  | mutation]
 56048 | Vaults:1 | Gained mutation: One of your tentacles bears a spike.
                  | [potion of mutation]
 56048 | Vaults:1 | Gained mutation: A frigid envelope surrounds you and
                  | freezes all who hurt you. [potion of mutation]
 56676 | Vaults:2 | Noticed Frederick
 57244 | Vaults:2 | Reached XP level 21. HP: 135/140 MP: 38/43
 57410 | Vaults:2 | Killed Frederick
 58074 | Vaults:2 | Noticed Sojobo
 58081 | Vaults:2 | Reached skill level 15 in Earth Magic
 58085 | Vaults:2 | Killed Sojobo
 58722 | Vaults:2 | Reached skill level 10 in Evocations
 59933 | Vaults:2 | Noticed Saint Roka
 60075 | Vaults:2 | You are sucked into a shaft and drop 2 floors!
 60653 | Vaults:3 | Noticed Angmar's ghost (veteran DrAE)
 60654 | Vaults:3 | Found a transporter.
 60677 | Vaults:3 | Found a transporter.
 61385 | Vaults:3 | Found a staircase to the Crypt.
 62028 | Vaults:3 | Acquired 1124 gold pieces
 62029 | Vaults:3 | Acquired the ring "Wiexiso" {rC+ EV+4 Str+4}
 62350 | Vaults:3 | Reached XP level 22. HP: 146/146 MP: 33/44
 62751 | Vaults:2 | Killed Saint Roka
 64518 | Vaults:4 | Reached skill level 10 in Fire Magic
 65088 | Vaults:4 | Reached skill level 10 in Shields
 65505 | Vaults:4 | Learned a level 5 spell: Irradiate
 66076 | Depths:1 | Entered Level 1 of the Depths
 66966 | Depths:1 | Found a one-way gateway to a ziggurat.
 67405 | Depths:1 | Reached skill level 19 in Spellcasting
 67406 | Depths:1 | Noticed Asterion
 67414 | Depths:1 | Killed Asterion
 67595 | Depths:1 | Found a gateway to Hell.
 67903 | Depths:1 | Learned a level 9 spell: Fire Storm
 68861 | Depths:2 | Lost mutation: A frigid envelope surrounds you and freezes
                  | all who hurt you. [potion of mutation]
 68861 | Depths:2 | Lost mutation: One of your tentacles bears a spike. [potion
                  | of mutation]
 68861 | Depths:2 | Gained mutation: Your spells are a little easier to cast,
                  | but a little less powerful. [potion of mutation]
 68861 | Depths:2 | Gained mutation: You are dopey. (Int -2) [potion of
                  | mutation]
 68862 | Depths:2 | Lost mutation: You are dopey. (Int -2) [potion of mutation]
 68862 | Depths:2 | Lost mutation: Your spells are a little easier to cast, but
                  | a little less powerful. [potion of mutation]
 68862 | Depths:2 | Gained mutation: You are occasionally teleported next to
                  | monsters. [potion of mutation]
 68862 | Depths:2 | Gained mutation: Your mind is acute. (Int +4, Str/Dex -1)
                  | [potion of mutation]
 68862 | Depths:2 | Gained mutation: You are partially covered in iridescent
                  | scales. (AC +2) [potion of mutation]
 68862 | Depths:2 | Gained mutation: You have supernaturally acute eyesight.
                  | (SInv) [potion of mutation]
 68863 | Depths:2 | Lost mutation: You have supernaturally acute eyesight.
                  | (SInv) [potion of mutation]
 68863 | Depths:2 | Lost mutation: You are partially covered in iridescent
                  | scales. (AC +2) [potion of mutation]
 68863 | Depths:2 | Lost mutation: You occasionally lose the ability to read
                  | scrolls when taking damage. [potion of mutation]
 68863 | Depths:2 | Lost mutation: Your mind is acute. (Int +4, Str/Dex -1)
                  | [potion of mutation]
 68863 | Depths:2 | Gained mutation: You are dopey. (Int -2) [potion of
                  | mutation]
 68863 | Depths:2 | Gained mutation: You are very dopey. (Int -4) [potion of
                  | mutation]
 68863 | Depths:2 | Gained mutation: You are partially covered in iridescent
                  | scales. (AC +2) [potion of mutation]
 68864 | Depths:2 | Lost mutation: You are partially covered in iridescent
                  | scales. (AC +2) [potion of mutation]
 68864 | Depths:2 | Lost mutation: You are occasionally teleported next to
                  | monsters. [potion of mutation]
 68864 | Depths:2 | Gained mutation: You are clumsy. (Dex -2) [potion of
                  | mutation]
 68865 | Depths:2 | Lost mutation: You are clumsy. (Dex -2) [potion of
                  | mutation]
 68865 | Depths:2 | Lost mutation: You are very dopey. (Int -4) [potion of
                  | mutation]
 68865 | Depths:2 | Lost mutation: You are dopey. (Int -2) [potion of mutation]
 68865 | Depths:2 | Gained mutation: Your mind is acute. (Int +4, Str/Dex -1)
                  | [potion of mutation]
 68865 | Depths:2 | Gained mutation: You have supernaturally acute eyesight.
                  | (SInv) [potion of mutation]
 68874 | Depths:2 | Found a blossoming altar of Fedhas.
 69118 | Depths:2 | Reached XP level 23. HP: 126/152 MP: 24/46
 69527 | Depths:2 | Got the Cyclopedia of Jinxing and Fire
 69546 | Depths:2 | Got the Spellbook of Direction and Shapeshifting
 69549 | Depths:2 | Got Buor's Tome of Excruciating Direction
 69617 | Depths:2 | Found a one-way gate leading to the halls of Pandemonium.
 70225 | Depths:2 | Noticed a caustic shrike
 70449 | Depths:2 | Killed a caustic shrike
 70559 | Depths:2 | Found a runed translucent door.
 70559 | Depths:2 | Found a runed translucent door.
 70559 | Depths:2 | Noticed a golden dragon
 70564 | Depths:2 | Killed a golden dragon
 70862 | Depths:2 | Found the +7 Spriggan's Knife {stab, EV+4 Stlth+}
 70865 | Depths:2 | Noticed a golden dragon
 71366 | Depths:2 | Identified the +1 scale mail "Pemoq" {Will+}
 71593 | Depths:2 | Killed a golden dragon
 72119 | Depths:2 | Noticed a juggernaut
 72150 | Depths:2 | Paralysed by a floating eye for 3 turns
 72152 | Depths:2 | HP: 6/152 [tentacled monstrosity (10)]
 72152 | Depths:2 | Slain by a tentacled monstrosity

Illustrated notes

Levels and vault maps discovered:
D:1:      dpeg_arrival_short_road, layout_rooms,
          hellmonk_ecumenical_altar_pennies_from_heaven,
          corexii_leaking_fountain
D:2:      layout_rooms, serial_shops, nicolae_shop_hallway_stairs
D:3:      layout_loops_ring, mainiacjoe_overflow_paths
D:4:      layout_rooms, minmay_manual_mandibuliform
D:5:      minmay_spotlight, layout_basic, gammafunk_ghost_stat_death
D:6:      layout_loops_cross, grunt_temple_overflow_gold_and_silver,
          hangedman_decor_slide_cut
D:7:      layout_basic, gammafunk_temple_overflow_wave,
          minmay_temple_entry_wispy, grunt_ministairs_14,
          nicolae_take_the_stairs
D:8:      layout_loops_cross, nicolae_dithmenos_the_darkroom,
          nicolae_uskayaw_en_pointe, mainiacjoe_overflow_boulevard,
          minmay_checkerbox, uniq_pikel, uniq_erica, uniq_prince_ribbit1
D:9:      layout_roguey, minivault_26
D:10:     layout_long_grid, marbit_many_paths, ebering_ghost_funeral_grove,
          nicolae_fountain_basement
D:11:     layout_loops_cross, lair_entry_dummy, orc_0_dummy
D:12:     layout_loops_ring, grunt_decor_mini_mirrors
D:13:     layout_basic, david_vaults_4, serial_shops, nicolae_diamond_shop,
          eino_small_chamber_without_monster, corexii_checkpoint_b,
          nzn_hepliaklqana_mist_gate
D:14:     layout_cross, chequers_arboretum, uniq_agnes, uniq_snorg, uniq_rupert
D:15:     grunt_enter_depths_hoard, layout_loops_ring, nicolae_vehumet_radiance
Temple:   hellmonk_temple_forest_ring
Lair:1:   layout_cave_pods, minmay_lair_oklob_bushes, minivault_26, minivault_23
Lair:2:   layout_layer_cave, elwin_shoals_entry_rooms, basic_altar,
          nicolae_lair_grove_arrangements, chequers_serial_rivers_room_a,
          patterned_corridor
Lair:3:   layout_chaotic_city, dummy_spider_entry, ebering_ghost_disaster_area,
          serial_bayou_shore_b, grunt_megastairs_5
Lair:4:   layout_regular_city, basic_altar, grunt_megastairs_1
Lair:5:   hangedman_lair_caniforms_friends, layout_loops_ring,
          minmay_slime_entry_pillars, grunt_megastairs_2
Shoals:1: layout_shoals, uniq_aizul
Shoals:2: layout_shoals, nicolae_shop_vocational
Shoals:3: layout_shoals, minmay_shop_enchanted_jewellery, uniq_ilsuiw
Shoals:4: shoals_end_simple, layout_shoals, uniq_kirke
Spider:1: layout_spider_delve, uniq_donald, uniq_frances
Spider:2: gammafunk_boulding_lane, nicolae_looking_at_the_future
Spider:3: layout_spider_delve
Spider:4: hellmonk_spider_rune_bug_friends
Orc:1:    cheibrodos_orc_arena, layout_caves, serial_shops, shop,
          nicolae_shop_overcharged_wands
Orc:2:    grunt_orc_gardens, layout_caves, grunt_orc_garden, grunt_orc_garden,
          grunt_orc_garden, grunt_orc_garden, portal_ice_cave_entry_pillars_1
Elf:1:    eino_elf_arrival_customs, layout_rooms, serial_shops,
          nicolae_shop_hallway_plus, kennysheep_underground_church, uniq_roxanne
Elf:2:    elven_hall_of_blades_hangedman_original [nicolae_blade_little_rooms],
          layout_loops_corners, grunt_ministairs_10,
          nicolae_elf_vaults_five_recruitment_drive
Elf:3:    grunt_elf_hall_branching, layout_onion_city, serial_shops, shop,
          basic_altar, hangedman_elf_power_crystal
Vaults:1: v_pattern_4, v_misc_24, grunt_vaults_diagonal,
          ontoclasm_vaults_bender, nicolae_vaults_windows_and_doors_thing,
          grunt_vaults_hallway_short, hangedman_vaults_impose,
          vaults_room_door_ring, v_misc_14, hangedman_vaults_hat,
          ontoclasm_vaults_loading_screen, nicolae_vaults_mini_display_case,
          v_misc_8, v_alt_pattern_4, v_misc_1, layout_vaults_maze_snakey
Vaults:2: nicolae_vaults_fighting_squares, v_alt_pattern_6, vaults_room_octagon,
          vaults_mumra_hexcomb, v_rooms_5, hangedman_vaults_locks, v_misc_29,
          ontoclasm_vaults_loading_screen, hangedman_vaults_stretched_pinwheel,
          vaults_room_octagon, nicolae_vaults_sealed_display, vaults_dpeg_cross,
          grunt_vaults_focal, layout_vaults_omnibox, uniq_sojobo,
          uniq_frederick, uniq_saint_roka
Vaults:3: gammafunk_ghost_mausoleum, hangedman_vaults_pinch,
          minmay_crypt_entry_simple_round, nicolae_vaults_little_squares_4,
          v_misc_14, nicolae_vaults_disjoint_gnomons, dpeg_vaults_monster_row,
          vaults_room_large_hall, vaults_room_hallway,
          ontoclasm_vaults_shuriken, layout_vaults_ring
Vaults:4: v_misc_17, ontoclasm_vaults_fire_temple, hangedman_vaults_slice,
          vaults_dpeg_diagonal, hangedman_vaults_nails, vaults_room_door_hall,
          v_misc_29, vaults_mumra_minichess, v_misc_24,
          vaults_room_stairs_pillars, vaults_dpeg_ring,
          layout_vaults_chaotic_city
Depths:1: layout_long_grid, enter_ziggurat_f, kennysheep_doodads,
          pf_coc_iceberg, fountainhead, hangedman_corner_corridor, uniq_asterion
Depths:2: minmay_the_grid_ultimate [minmay_the_grid_prize_inner_circle,
          minmay_the_grid_prize_four_corners_diamond_b,
          minmay_the_grid_prize_trominoes, minmay_the_grid_prize_four_corners,
          minmay_the_grid_square_5x5_beaten_path,
          minmay_the_grid_square_5x5_three_walls,
          minmay_the_grid_square_5x5_two, minmay_the_grid_square_5x5_gyroscope,
          minmay_the_grid_square_5x5_z, minmay_the_grid_square_5x5_c,
          minmay_the_grid_square_5x5_empty,
          minmay_the_grid_square_5x5_misaligned,
          minmay_the_grid_square_5x5_spiral,
          minmay_the_grid_square_5x5_pentomino_r,
          minmay_the_grid_square_5x5_broken_cross,
          minmay_the_grid_square_5x5_eight_small,
          minmay_the_grid_square_5x5_slash,
          minmay_the_grid_square_5x5_trominoes, minmay_the_grid_square_5x5_tie,
          minmay_the_grid_triangle_9x9_limited_checkers,
          minmay_the_grid_triangle_9x9_zippers_horizontal,
          minmay_the_grid_triangle_9x9_tough_junction,
          minmay_the_grid_triangle_9x9_flanged_cone,
          minmay_the_grid_triangle_9x9_semitri,
          minmay_the_grid_triangle_9x9_minimal,
          minmay_the_grid_triangle_9x9_odd_lines,
          minmay_the_grid_triangle_9x9_dagger,
          minmay_the_grid_triangle_9x9_descending_squares,
          minmay_the_grid_triangle_9x9_checkered,
          minmay_the_grid_triangle_9x9_negative_grid,
          minmay_the_grid_triangle_9x9_pentomino_pain,
          minmay_the_grid_triangle_9x9_intruding_spiral,
          minmay_the_grid_triangle_9x9_empty,
          minmay_the_grid_triangle_9x9_shrine,
          minmay_the_grid_triangle_9x9_wacky_v,
          minmay_the_grid_square_5x5_empty, minmay_the_grid_octo_teeth,
          minmay_the_grid_octo_horde, minmay_the_grid_octo_77,
          minmay_the_grid_octo_thin_diamonds, minmay_the_grid_octo_pinwheel,
          minmay_the_grid_octo_checkerflower, minmay_the_grid_octo_clover,
          minmay_the_grid_octo_concentric, minmay_the_grid_plusring,
          minmay_the_grid_outer_diamond, minmay_the_grid_doors,
          minmay_the_grid_mess], serial_shops, hell_entry, pan_entry

Skill      XL: |  1  2  3  4  5  6  7  8  9 10 11 12 13 14 15 16 17 18 19 20 21 22 23 |
---------------+----------------------------------------------------------------------+-----
Spellcasting   | 3 4 5 7 9 10 11 12 13 14 15 16 17 18 19 | 19.0
Translocations | 1 2 |  2.0
Stealth        | 3 5 |  5.0
Earth Magic    | 1 2 3 4 6 8 9 10 11 12 13 14 15 16 | 16.9
Conjurations   | 5 6 7 8 10 11 12 13 14 15 16 17 | 17.8
Fighting       | 1 3 4 6 7 8 9 10 11 | 11.0
Evocations     | 1 2 3 6 8 9 10 | 10.0
Dodging        | 3 4 6 8 9 11 12 13 | 13.0
Staves         | 2 3 4 |  4.0
Ice Magic      | 2 6 9 10 11 12 13 14 | 14.9
Transmutations | 1 2 |  2.0
Shields        | 2 4 6 8 9 10 11 | 11.7
Fire Magic     | 1 4 5 7 9 11 12 | 12.3

Action                   |  1- 3 |  4- 6 |  7- 9 | 10-12 | 13-15 | 16-18 | 19-21 | 22-24 || total
-------------------------+-------+-------+-------+-------+-------+-------+-------+-------++-------
Melee: Unarmed           |    15 |       |       |       |       |       |       |       ||    15
       Tentacles         |     3 |    12 |    12 |    16 |    18 |    18 |    16 |     3 ||    98
       Constrict         |     5 |    11 |    15 |    10 |    11 |    11 |    11 |     2 ||    76
       Hand axe          |       |    39 |    70 |    34 |       |       |       |       ||   143
       Staff             |       |       |       |    15 |    51 |    54 |    44 |     8 ||   172
       Punch             |       |       |       |       |     2 |       |     2 |       ||     4
       Kick              |       |       |       |       |       |       |     9 |     6 ||    15
Throw: Dart              |       |       |     1 |       |       |       |       |       ||     1
 Cast: Magic Dart        |    65 |    91 |    82 |    28 |    11 |     6 |     5 |     4 ||   292
       Iskenderun's Myst |       |    11 |    44 |    42 |    85 |    71 |   110 |    77 ||   440
       Fulminant Prism   |       |     2 |    14 |    19 |    11 |       |       |       ||    46
       Iron Shot         |       |       |       |    76 |   244 |   295 |   436 |   272 ||  1323
       Freezing Cloud    |       |       |       |       |    30 |    71 |    83 |    18 ||   202
       Ozocubu's Refrige |       |       |       |       |       |    36 |     7 |       ||    43
       Yara's Violent Un |       |       |       |       |       |     2 |    11 |    11 ||    24
       Apportation       |       |       |       |       |       |       |     3 |       ||     3
       Irradiate         |       |       |       |       |       |       |       |     2 ||     2
Evoke: Wand              |       |       |     6 |       |     1 |     2 |     1 |     9 ||    19
       Lightning rod     |       |       |       |     3 |     4 |     5 |     7 |     1 ||    20
  Use: Potion            |       |       |     5 |       |     4 |     6 |     3 |    11 ||    29
       Scroll            |       |       |     6 |     8 |     5 |    14 |    15 |     4 ||    52
 Stab: Sleeping          |       |     5 |     3 |     2 |       |       |       |       ||    10
       Paralysed         |       |       |       |       |       |     5 |       |       ||     5
Armor: Skin              |     3 |     6 |    22 |    14 |     9 |    15 |    17 |     6 ||    92
Dodge: Dodged            |    10 |    40 |    68 |    68 |   135 |   180 |   115 |    60 ||   676
Block: Other             |       |       |       |       |       |    35 |     7 |       ||    42
       Reflection        |       |       |       |       |       |     9 |    44 |     8 ||    61
       Kite shield       |       |       |       |       |       |       |   163 |    89 ||   252
